Map: Blackburn LE

Players

MeomaikA - Winner!

  • Race: Zerg Zerg

StarDuck

  • Race: Protoss Protoss

Event: DreamHack SC2 Masters 2021 Fall

VOD

Have the link to the VOD?

Description

Time

  • Played on: July 29, 2021, 6:02 a.m.
  • Length: 11:41

All games in this series

Show
View Real Time Build Order
Export as new Build Order

MeomaikA Zerg - Winner!

Build Orders: Pool First 

Get SALT Encoding   

  12  0:00  Drone  
  13  0:08  Drone  
  14  0:16  Overlord  
  14  0:26  Drone, Extractor  
  15  0:34  Drone x2  
  17  0:44  Spawning Pool  
  17  0:48  Drone  
  17  1:07  Drone x2  
  17  1:11  Extractor  
  18  1:20  Hatchery  
  17  1:31  Zergling x4  
  17  1:32  Queen  
  19  1:37  Drone  
  22  1:47  Overlord  
  22  2:05  Drone  
  22  2:08  Queen  
  23  2:09  Drone  
  23  2:11  Metabolic Boost  
  26  2:20  Drone  
  27  2:34  Drone x2  
  31  2:43  Zergling x4  
  31  2:44  Drone x2  
  33  2:46  Drone  
  34  2:53  Overlord  
  34  2:58  Drone  
  35  3:05  Spore Crawler  
  34  3:09  Spore Crawler  
  34  3:10  Drone  
  34  3:14  Drone  
  34  3:17  Zergling x4  
  34  3:18  Zergling x2  
  34  3:19  Zergling x4  
  38  3:26  Zergling x2  
  39  3:27  Zergling x2  
  39  3:31  Lair  
  39  3:37  Zergling x2  
  40  3:42  Zergling x2  
  41  3:50  Drone x2  
  43  3:57  Drone  
  44  4:02  Overlord, Drone x2  
  44  4:06  Drone, Extractor  
  43  4:10  Overlord, Zergling x2  
  43  4:13  Spore Crawler  
  42  4:18  Drone  
  43  4:24  Zergling x4  
  43  4:26  Drone x2  
  44  4:31  Zergling x4  
  44  4:34  Hydralisk Den  
  42  4:41  Overlord  
  42  4:42  Drone x4  
  45  5:05  Hatchery, Hydralisk x5  
  53  5:09  Muscular Augments  
  52  5:17  Drone x3  
  52  5:21  Extractor  
  54  5:22  Drone x3  
  54  5:23  Drone  
  58  5:31  Overlord x2  
  57  5:41  Hatchery  
  51  5:48  Drone x4  
  55  5:50  Hydralisk  
  55  5:51  Drone  
  55  5:53  Drone  
  59  5:58  Hydralisk  
  59  6:01  Hydralisk  
  63  6:04  Hydralisk  
  63  6:06  Drone  
  63  6:09  Zergling x2  
  67  6:13  Overlord  
  67  6:18  Queen, Drone x2  
  69  6:21  Grooved Spines, Zergling x2  
  69  6:22  Zergling x2  
  69  6:23  Zergling x2  
  74  6:26  Zergling x4  
  74  6:29  Hydralisk  
  78  6:33  Zergling x6  
  78  6:35  Zergling x2  
  78  6:38  Drone  
  83  6:40  Extractor  
  83  6:47  Spire, Drone x2  
  84  6:54  Drone x3  
  84  6:57  Extractor  
  84  6:58  Drone x3  
  84  6:59  Zergling x4  
  84  7:00  Zergling x2  
  90  7:02  Overlord, Hydralisk  
  90  7:04  Hydralisk  
  90  7:07  Overlord  
  94  7:10  Overlord  
  92  7:24  Drone x3  
  92  7:25  Overlord x3  
  95  7:32  Drone x3  
  95  7:34  Overlord x2  
  95  7:59  Mutalisk x5  
  95  8:00  Mutalisk  
  95  8:02  Mutalisk  
  95  8:04  Zergling x26  
  122  8:11  Mutalisk  
  122  8:12  Zergling x2  
  124  8:15  Hydralisk  
  124  8:17  Zergling x2  
  124  8:20  Queen, Zergling x6  
  124  8:23  Extractor  
  128  8:27  Mutalisk  
  130  8:34  Mutalisk  
  130  8:40  Hydralisk x2  
  137  8:41  Zergling x12  
  137  8:43  Overlord  
  142  8:58  Drone x3  
  142  9:00  Overlord x2, Extractor  
  144  9:08  Corruptor x4  
  152  9:10  Overlord  
  152  9:20  Drone  
  152  9:21  Drone x2  
  152  9:22  Mutalisk, Drone x4  
  152  9:23  Mutalisk  
  163  9:24  Extractor  
  152  9:43  Hydralisk  
  136  9:46  Zergling x22  
  147  9:59  Mutalisk x4  
  139  10:02  Mutalisk  
  139  10:05  Mutalisk  
  143  10:08  Hydralisk  
  143  10:10  Zergling x2  
  143  10:11  Queen x3  
  143  10:13  Hydralisk  
  154  10:16  Hydralisk  
  154  10:18  Spine Crawler  
  154  10:19  Hydralisk  
  154  10:21  Spine Crawler, Zergling x2  
  158  10:24  Spine Crawler x2  
  158  10:26  Hydralisk x2  
  158  10:28  Zergling x2  
  160  10:30  Hydralisk  
  160  10:35  Hydralisk x2  
  162  10:37  Zergling x2  
  162  10:38  Mutalisk  
  162  10:41  Mutalisk  
  171  10:42  Mutalisk  
  171  10:46  Zergling x6  
  175  10:53  Mutalisk  
  166  10:57  Mutalisk  
  166  10:59  Mutalisk  
  166  11:02  Zergling x12  
  166  11:04  Mutalisk  
  163  11:05  Zergling x2  
  150  11:12  Mutalisk  
  150  11:13  Mutalisk  
  150  11:17  Zergling x4  
  134  11:22  Zergling x4  
  134  11:23  Zergling x4  
  134  11:24  Zergling x2  
Show
View Real Time Build Order
Export as new Build Order

StarDuck Protoss 

Build Orders: 1 Gate Expand, Oracle Opening 

Get SALT Encoding   

  12  0:00  Probe  
  13  0:12  Probe  
  14  0:18  Pylon  
  14  0:24  Probe  
  15  0:36  Gateway  
  15  0:38  Probe (Chrono Boost)  
  16  0:48  Probe (Chrono Boost)  
  17  0:50  Assimilator  
  17  0:53  Probe (Chrono Boost)  
  18  1:05  Probe  
  19  1:17  Probe  
  20  1:26  Nexus  
  20  1:36  Cybernetics Core  
  20  1:40  Probe  
  21  1:47  Assimilator  
  21  1:52  Probe  
  22  1:55  Pylon  
  22  2:08  Cybernetics Core  
  22  2:11  Adept (Chrono Boost)  
  24  2:18  Probe  
  25  2:25  Stargate  
  25  2:30  Probe (Chrono Boost)  
  25  2:33  Adept  
  28  2:38  Probe (Chrono Boost)  
  28  2:42  Probe (Chrono Boost)  
  30  2:48  Probe (Chrono Boost)  
  30  2:49  Probe (Chrono Boost)  
  32  2:53  Probe (Chrono Boost)  
  32  2:56  Probe  
  33  3:05  Probe  
  33  3:10  Probe (Chrono Boost)  
  33  3:13  Void Ray (Chrono Boost)  
  33  3:17  Probe (Chrono Boost)  
  38  3:26  Probe x2 (Chrono Boost)  
  40  3:30  Adept  
  40  3:31  Probe (Chrono Boost)  
  40  3:32  Probe  
  44  3:39  Warp Gate  
  44  3:42  Pylon  
  44  3:43  Probe  
  44  3:56  Probe  
  44  3:58  Oracle (Chrono Boost)  
  44  4:01  Pylon  
  44  4:04  Pylon  
  42  4:19  Probe  
  42  4:20  Void Ray (Chrono Boost)  
  42  4:31  Probe  
  41  4:32  Probe  
  40  4:43  Probe  
  40  4:44  Probe  
  40  4:55  Probe  
  40  4:56  Probe (Chrono Boost)  
  42  5:00  Shield Battery  
  42  5:01  Adept  
  43  5:08  Probe (Chrono Boost)  
  43  5:11  Void Ray  
  43  5:13  Probe (Chrono Boost)  
  45  5:20  Probe (Chrono Boost)  
  50  5:27  Assimilator  
  51  5:29  Probe (Chrono Boost)  
  51  5:34  Protoss Air Weapons Level 1  
  51  5:42  Probe x2  
  53  5:49  Assimilator  
  50  5:52  Void Ray  
  50  5:53  Robotics Facility  
  50  5:55  Forge, Probe (Chrono Boost)  
  50  5:56  Probe (Chrono Boost)  
  56  6:06  Shield Battery  
  56  6:07  Probe (Chrono Boost)  
  56  6:11  Probe (Chrono Boost)  
  58  6:12  Pylon  
  58  6:13  Probe (Chrono Boost)  
  58  6:15  Pylon  
  59  6:22  Probe  
  59  6:23  Probe  
  61  6:33  Twilight Council  
  61  6:34  Protoss Ground Weapons Level 1  
  61  6:35  Probe  
  61  6:39  Warp Prism (Chrono Boost)  
  62  6:43  Robotics Bay  
  64  6:49  Probe  
  64  6:50  Probe  
  66  7:01  Probe  
  66  7:02  Probe  
  68  7:14  Probe x2  
  66  7:30  Disruptor (Chrono Boost)  
  66  7:34  Charge, Nexus  
  66  7:36  Pylon  
  69  7:37  Gateway  
  69  7:39  Pylon  
  69  7:40  Gateway  
  69  7:41  Gateway  
  69  7:44  Templar Archives  
  69  7:48  Void Ray  
  69  7:56  Disruptor (Chrono Boost)  
  76  8:11  Nexus  
  76  8:12  Pylon  
  76  8:21  Disruptor (Chrono Boost)  
  76  8:24  Shield Battery  
  79  8:32  High Templar x2  
  83  8:40  Gateway  
  83  8:42  Gateway  
  83  8:45  Archon  
  83  8:47  Zealot x2  
  87  8:50  Phoenix (Chrono Boost)  
  88  8:59  Shield Battery  
  88  9:06  Zealot  
  88  9:09  Phoenix (Chrono Boost)  
  92  9:21  Zealot x3  
  98  9:24  Pylon  
  91  9:50  Zealot x5  
  91  9:51  Zealot  
  90  10:05  Pylon  
  90  10:08  Pylon x2  
  90  10:14  Pylon  
  90  10:16  Pylon  
  90  10:19  Pylon  
  90  10:26  High Templar x5  
  90  10:27  High Templar  
  102  10:31  Archon x3  
  102  10:56  Zealot x3  
  100  11:02  Zealot x3  
  96  11:15  Zealot x3  

Tags
 
Add a new tag
Caveats
  • Supply blocks, unpowered buildings, or Contaminate may cause inaccurate times.
  • Supply counts are checked every 10 seconds.